 Dungeon Crawl Stone Soup version 0.23.1 (webtiles) character file.

Game seed: 11102210853220977398

277 vishdafish the Slasher (level 6, -4/57 HPs)
             Began as a Deep Dwarf Fighter on Mar 8, 2019.
             Killed from afar by Ijyb (8 damage)
             ... with a wand of acid (5)
             ... on level 3 of the Dungeon.
             The game lasted 00:03:53 (1788 turns).

vishdafish the Slasher (Deep Dwarf Fighter)         Turns: 1788, Time: 00:03:54

Health: -4/57      AC:  2    Str: 22    XL:     6   Next: 4%
Magic:  5/5        EV:  7    Int:  8    God:
Gold:   74         SH:  9    Dex: 12    Spells: 5/5 levels left

rFire    . . .     SeeInvis .   a - +0 long sword
rCold    . . .     Gourm    .   c - +0 shield
rNeg     . . .     Faith    .   b - +0 scale mail
rPois    .         Spirit   .   (no helmet)
rElec    .         Reflect  .   (no cloak)
rCorr    .         Harm     .   (no gloves)
MR       .....                  (no boots)
Stlth    ..........             (no amulet)
HPRegen  0.00/turn              e - ring of wizardry
MPRegen  0.09/turn              (no ring)

@: corroded, non-regenerating
A: damage resistance, heal wounds, sense surroundings 1, no regeneration
a: Heal Wounds


You were on level 3 of the Dungeon.
You were hungry.

You visited 1 branch of the dungeon, and saw 3 of its levels.

You collected 74 gold pieces.

Inventory:

Hand Weapons
 a - a +0 long sword (weapon)
Armour
 b - a +0 scale mail (worn)
 c - a +0 shield (worn)
Jewellery
 e - a ring of wizardry (left hand)
Scrolls
 i - a scroll of remove curse {unknown}
 j - a scroll of noise {unknown}
 k - a scroll of teleportation {unknown}
 l - a scroll of fog {unknown}
 n - a scroll of fear {unknown}
Potions
 g - a potion of heal wounds {unknown}
 h - a potion of flight {unknown}
 m - a potion of brilliance {unknown}
 o - a potion of magic {unknown}
 p - a potion of mutation {unknown}
 q - a potion of curing {unknown}
Comestibles
 f - 8 rations


   Skills:
 + Level 4.1 Fighting
 * Level 5.3 Long Blades
 - Level 3.3 Armour
 - Level 3.3 Shields


You had 5 spell levels left.
You didn't know any spells.
Your spell library was empty.

Dungeon Overview and Level Annotations

Branches:
Dungeon (3/15)

Altars:

Annotations:
D:3 Ijyb


Innate Abilities, Weirdness & Mutations

You are resistant to damage.
You can heal yourself by infusing magical energy.
You passively map a small area around you.
You do not regenerate.


Message History

You slash Ijyb!
Ijyb is severely wounded.
Ijyb hits you but does no damage. You block Ijyb's attack.
You hit Ijyb.
Ijyb is severely wounded.
Ijyb is no longer berserk.
Ijyb zaps a wand.
The bolt of acid hits you!
* * * LOW HITPOINT WARNING * * *
The acid corrodes you!
You are splashed with acid!
* * * LOW HITPOINT WARNING * * *
You slash Ijyb!
Ijyb is almost dead.
Ijyb hits you.
* * * LOW HITPOINT WARNING * * *
Your shield and scale mail prevent you from hitting Ijyb.
Ijyb is almost dead.
Ijyb hits you but does no damage.
Your shield prevents you from hitting Ijyb.
Ijyb is almost dead.
Ijyb zaps a wand.
The bolt of acid hits you!
You die...

#####.######## ,
................ ,, ,
####..########.#,* * *
........# #.#, ,
###.....# #.# *
#.....# #.#, ** *
#.....# #.#, , ,,
#.....######.#########
#...........hg@.......
#......#####.#########
#......#............ ,
#......#.####.###### ,
* #......# , h. ,, ,
#....#.#* **.h.
##.###.. h..# , ,* #.
### * * ...# , , ,*
,g..#


You could see Ijyb and a jackal.

Vanquished Creatures
  An orc priest (D:3)
  Jessica (D:2)
  Natasha (thrice) (D:2)
  A worker ant (D:3)
  6 adders
  An ooze (D:1)
  2 worms
  A dart slug (D:1)
  3 orcs (D:3)
  A ball python (D:2)
  3 giant cockroaches
  8 hobgoblins
  7 jackals (D:3)
  A quokka (D:2)
  9 bats
  5 frilled lizards
  3 goblins
  3 kobolds (D:2)
  5 rats
64 creatures vanquished.

Notes
Turn   | Place    | Note
-------+----------+-------------------------------------------
     0 | D:1      | vishdafish the Deep Dwarf Fighter began the quest for the
                  | Orb.
     0 | D:1      | Reached XP level 1. HP: 20/20 MP: 1/1
   173 | D:1      | Reached XP level 2. HP: 27/27 MP: 2/2
   771 | D:2      | Reached skill level 3 in Long Blades
   781 | D:2      | Reached XP level 3. HP: 14/34 MP: 3/3
  1038 | D:2      | Noticed Jessica
  1046 | D:2      | Killed Jessica
  1046 | D:2      | Reached XP level 4. HP: 17/42 MP: 4/4
  1102 | D:2      | Reached skill level 4 in Long Blades
  1217 | D:2      | Noticed Natasha
  1222 | D:2      | Killed Natasha
  1273 | D:2      | Noticed Natasha
  1286 | D:2      | Killed Natasha
  1286 | D:2      | Reached XP level 5. HP: 38/50 MP: 5/5
  1363 | D:2      | Noticed Natasha
  1370 | D:2      | Killed Natasha
  1714 | D:3      | Reached skill level 5 in Long Blades
  1720 | D:3      | Reached XP level 6. HP: 12/57 MP: 6/6
  1757 | D:3      | Noticed Ijyb
  1788 | D:3      | Killed from afar by Ijyb

Skill      XL: |  1  2  3  4  5 |
---------------+----------------+-----
Fighting       | 3 4 |  4.1
Long Blades    | 3 4 5 |  5.3
Armour         | |  3.3
Shields        | |  3.3

Action                   |  1- 3 |  4- 6 || total
-------------------------+-------+-------++-------
Melee: Long sword        |    98 |   131 ||   229
 Abil: Heal Wounds       |       |     2 ||     2
  Use: Potion            |       |     1 ||     1
  Eat: Chunk             |       |     3 ||     3
Armor: Scale mail        |    44 |    49 ||    93
Dodge: Dodged            |    39 |    38 ||    77
Block: Shield            |    45 |    74 ||   119
       Rpst.: Long sword |    12 |    13 ||    25
